 Dungeon Crawl Stone Soup version 0.30.0-29-ga12c61a403 (webtiles) character file.

Game seed: 14303496808983165639

7 McKennaii the Conjurer (level 1, 0/14 HPs)
             Began as a Demigod Conjurer on June 5, 2023.
             Slain by a hobgoblin (4 damage)
             ... on level 1 of the Dungeon.
             The game lasted 00:00:07 (127 turns).

McKennaii the Conjurer (Demigod Conjurer)            Turns: 127, Time: 00:00:07

Health: 0/14       AC:  2    Str:  8    XL:     1   Next: 66%
Magic:  1/5        EV: 12    Int: 20    God:
Gold:   0          SH:  0    Dex: 12    Spells: 3/4 levels left

rFire   . . .        (no weapon)
rCold   . . .        (no shield)
rNeg    . . .        a - +0 robe
rPois   .            (no helmet)
rElec   .            (no cloak)
rCorr   .            (no gloves)
SInv    .            (no boots)
Will    .....        (no amulet)
Stlth   ++           (no ring)
HPRegen 0.22/turn    (no ring)
MPRegen 0.09/turn

%: no passive effects
@: no status effects
A: high MP 1, forlorn, divine attributes
a: no special abilities


You were on level 1 of the Dungeon.
You visited 1 branch of the dungeon, and saw 1 of its levels.

Inventory:

Armour
 a - a +0 robe (worn)
Potions
 b - a potion of magic
 c - a potion of brilliance {unknown}


   Skills:
 - Level 1.7 Dodging
 - Level 1.7 Stealth
 + Level 2.0 Spellcasting
 + Level 3.8 Conjurations


You had 3 spell levels left.
You knew the following spells:

 Your Spells              Type           Power      Damage    Failure   Level
a - Magic Dart            Conj           68%        1d6       3%          1

Your spell library contained the following spells:

 Spells                   Type           Power      Damage    Failure   Level
 Searing Ray              Conj           34%        2d5       4%          2
 Apportation              Tloc           4%         N/A       16%         1
 Dazzling Flash           Conj/Hex       18%        N/A       22%         3
 Fulminant Prism          Conj/Hex       4%         3d5       56%         4
 Iskenderun's Mystic Bla  Conj/Tloc      9%         2d4       56%         4
 Alistair's Intoxication  Tmut/Pois      1%         N/A       99%         5


Dungeon Overview and Level Annotations

Branches:
Dungeon (1/15)


Innate Abilities, Weirdness & Mutations

You have an increased reservoir of magic. (+10% MP)
You shall have no god before yourself.
Your divine heritage dramatically boosts your attributes as you level up.


Message History

A dart slug comes into view.
The magic dart hits the dart slug.
The dart slug is moderately wounded.
An endoplasm comes into view.
There are monsters nearby!
The magic dart hits the dart slug.
The dart slug is almost dead.
There are monsters nearby!
A hobgoblin comes into view.
Found 6 gold pieces.
Found a stone staircase leading down.
The magic dart hits the dart slug.
The dart slug is almost dead.
A goblin comes into view. It is wielding a +0 club.
The dart slug launches a dart at you. The slug dart misses you.
You see here 2 stones.
The magic dart hits the dart slug.
You kill the dart slug!
Your Spellcasting skill increases to level 2!
You closely miss the hobgoblin. The hobgoblin hits you.
There are monsters nearby!
The magic dart hits the hobgoblin.
The hobgoblin is severely wounded.
The goblin shouts!
The endoplasm quivers.
You hear a shout!
A quokka comes into view.
The hobgoblin completely misses you.
A rat comes into view.
The hobgoblin attacks as you move away! The hobgoblin hits you.
The hobgoblin attacks as you move away! The hobgoblin hits you.
The goblin hits you with a +0 club.
The hobgoblin hits you but does no damage.
The goblin hits you with a +0 club.
* * * LOW HITPOINT WARNING * * *
The hobgoblin closely misses you. The hobgoblin attacks as you move away!
The hobgoblin barely misses you. The hobgoblin attacks as you move away!
The hobgoblin closely misses you. The hobgoblin hits you.
You die...

#....#.[#.##[# .....#
#.'.... ......g#..#.##.#.#
#..###.#####
.......#..#.##.#.###.......#
.......#.......#.#....####.#
r......###.r..##.#....####.#
..............##.#.........#
#######.....r.J#.#....######
#......gg#.#....#
#.......@.......#
##########.####.# #... #.#
###..#.# #.#.# .#.# ..# .


You could see an endoplasm, a quokka, a hobgoblin, a goblin and a rat.

Vanquished Creatures
  A dart slug (D:1)
  A bat (D:1)
  2 quokkas (D:1)
4 creatures vanquished.

Notes
Turn   | Place    | Note
-------+----------+-------------------------------------------
     0 | D:1      | McKennaii the Demigod Conjurer began the quest for the Orb.
     0 | D:1      | Reached XP level 1. HP: 14/14 MP: 5/5
   127 | D:1      | Slain by a hobgoblin

Illustrated notes

Levels and vault maps discovered:
D:1:      tarquinn_simple_flora_water_d, layout_basic, serial_shops,
          nicolae_shop_scrapyard

Skill      XL: |  1 |
---------------+----+-----
Spellcasting   | 2 |  2.0
Dodging        | |  1.7
Stealth        | |  1.7
Conjurations   | |  3.8

Action                     || total
---------------------------++-------
  Melee: Unarmed           ||     2
   Cast: Magic Dart        ||     9
 Armour: Robe              ||     1
  Dodge: Dodged            ||     6
